 Dungeon Crawl Stone Soup version 0.30-a0-883-g5ad918d77d (webtiles) character file.

Game seed: 17819833533477228073

13958 Newt the Fighter (level 11, -2/85 HPs)
             Began as a Demonspawn Gladiator on Mar 16, 2023.
             Was a Priest of Hepliaklqana.
             Slain by a centaur warrior simulacrum (20 damage)
             ... on level 10 of the Dungeon.
             The game lasted 00:13:46 (10881 turns).

Newt the Fighter (Demonspawn Gladiator)            Turns: 10881, Time: 00:13:47

Health: -2/85      AC: 19    Str: 18    XL:     11   Next: 82%
Magic:  11/11      EV:  7    Int: 18    God:    Hepliaklqana [***...]
Gold:   622        SH: 15    Dex: 13    Spells: 10/10 levels left

rFire   . . .      SeeInvis .    j - +2 flail (heavy)
rCold   . . .      Faith    .    V - +0 tower shield
rNeg    . . .      Spirit   .    t - +1 plate armour of Impressiveness {Int+4}
rPois   +          Reflect  +    c - +0 helmet
rElec   +          Rampage  .    (no cloak)
rCorr   .          Clarity  +    f - +0 pair of gloves
Will    +....                    (no boots) Stlth
                                 A - amulet of reflection
HPRegen 0.34/turn                x - ring of willpower
MPRegen 0.12/turn                m - +5 ring of evasion

@: studying Fighting
A: reduced essence, claws 2, thin metallic scales 3, spiny 3, clarity, clever 1,
poison resistance
a: Renounce Religion, Recall Ancestor, Ancestor Identity, Transference


You were on level 10 of the Dungeon.
You worshipped Hepliaklqana.
Hepliaklqana was most pleased with you.
You visited 2 branches of the dungeon, and saw 11 of its levels.
You also visited: Bailey.

You collected 1852 gold pieces.
You spent 1230 gold pieces at shops.

Inventory:

Hand Weapons
 a - a +0 rapier
 j - a +2 heavy flail (weapon)
 p - a +3 morningstar
 y - the +2 mace of Karma {drain, *Rage Int+3}
   (You found it on level 3 of the Dungeon)

   Int:       It affects your intelligence (+3).
   *Rage:     It berserks you when you make melee attacks (+20% chance).
Missiles
 d - 3 throwing nets
 e - 36 javelins
 o - 4 boomerangs (quivered)
 r - 4 silver javelins
 E - 29 poisoned darts
 X - a curare-tipped dart
Armour
 b - a +0 leather armour
 c - a +0 helmet (worn)
 f - a +0 pair of gloves (worn)
 t - the +1 plate armour of Impressiveness (worn) {Int+4}
   (You bought it in a shop on level 5 of the Dungeon)

   Int:       It affects your intelligence (+4).
 C - a +4 ring mail
 V - a +0 tower shield (worn)
Jewellery
 i - a +6 ring of dexterity
 l - an amulet of faith
 m - a +5 ring of evasion (right hand)
 s - a ring of fire
 x - a ring of willpower (left hand)
 A - an amulet of reflection (around neck)
Wands
 G - a wand of paralysis (23)
 T - a wand of flame (8)
Scrolls
 h - 7 scrolls of teleportation
 k - a scroll of blinking
 n - 2 scrolls of vulnerability
 q - a scroll of poison
 B - 2 scrolls of fear
 H - 2 scrolls of magic mapping
 L - a scroll of enchant armour
 N - a scroll of fog {unknown}
 P - 2 scrolls of noise {unknown}
 Q - a scroll of enchant weapon {unknown}
 R - a scroll of immolation {unknown}
Potions
 g - 2 potions of haste
 u - a potion of lignification
 v - 2 potions of might
 w - a potion of invisibility
 z - a potion of cancellation
 D - a potion of flight
 F - a potion of heal wounds
 I - a potion of magic
 J - a potion of ambrosia {unknown}
 K - 3 potions of brilliance {unknown}
 M - 2 potions of berserk rage
 O - a potion of attraction {unknown}
 S - 3 potions of curing
 U - a potion of degeneration {unknown}
 W - a potion of mutation


   Skills:
 - Level 12.0 Fighting
 - Level 2.6 Short Blades
 - Level 11.7 Maces & Flails
 - Level 9.1 Throwing
 - Level 5.0 Armour
 - Level 2.6 Dodging
 - Level 1.5 Stealth
 + Level 0.1 Shields


You had 10 spell levels left.
You didn't know any spells.
Your spell library contained the following spells:

 Spells                   Type           Power      Damage    Failure   Level
 Freeze                   Ice            0%         1d3       100%        1
 Summon Small Mammal      Summ           0%         N/A       100%        1
 Call Canine Familiar     Summ           0%         N/A       100%        3
 Frozen Ramparts          Ice            0%         1d1       100%        3
 Hailstorm                Conj/Ice       0%         3d3       100%        3
 Ozocubu's Armour         Ice            0%         N/A       100%        3
 Summon Guardian Golem    Hex/Summ       0%         N/A       100%        3
 Vhi's Electric Charge    Tloc/Air       0%         N/A       100%        3
 Petrify                  Tmut/Erth      0%         N/A       100%        4
 Summon Lightning Spire   Summ/Air       0%         N/A       100%        4
 Arcjolt                  Conj/Air       0%         1d10      100%        5
 Metabolic Englaciation   Hex/Ice        0%         N/A       100%        5
 Statue Form              Tmut/Erth      0%         N/A       100%        6
 Ozocubu's Refrigeration  Ice            0%         4d7       100%        7
 Storm Form               Tmut/Air       0%         N/A       100%        7
 Maxwell's Capacitive Co  Air            0%         ∞         100%        8


Dungeon Overview and Level Annotations

Branches:
Dungeon (10/15)            Temple (1/1) D:5             Orc (0/2) D:10
 Bailey (visited)
   Lair: D:8-11

Altars:
Ashenzari
Cheibriados
Dithmenos
Fedhas
Gozag
Hepliaklqana
Kikubaaqudgha
Makhleb
Nemelex Xobeh
Okawaru
Qazlal
Ru
Sif Muna
Trog
Vehumet
Wu Jian
Xom
Yredelemnul

Shops:
D:5 **


Innate Abilities, Weirdness & Mutations

Your life essence is reduced to manifest your ancestor. (-10% HP)
You have very sharp fingernails.
You are completely covered in thin metallic scales. (AC +4, rElec)
You are completely covered in sharp spines.
You possess an exceptional clarity of mind.
Your mind is acute. (Int +4, Str/Dex -1)
Your system is resistant to poisons. (rPois)


Message History

The centaur warrior simulacrum kicks you but does no damage.
The centaur warrior simulacrum is struck by your spines.
The centaur warrior simulacrum hits you but does no damage.
The centaur warrior simulacrum kicks you.
The centaur warrior simulacrum freezes you!!
* * * LOW HITPOINT WARNING * * *
You block the ufetubus's attack.
The ufetubus hits you but does no damage.
You block the centaur warrior simulacrum's attack.
The centaur warrior simulacrum kicks you but does no damage.
You swap places.
The ufetubus hits Nozipho but does no damage.
The ufetubus closely misses Nozipho.
The centaur warrior simulacrum hits Nozipho.
The centaur warrior simulacrum freezes Nozipho!
Nozipho resists.
The centaur warrior simulacrum kicks Nozipho.
The centaur warrior simulacrum freezes Nozipho!
Nozipho resists.
The centaur warrior simulacrum hits Nozipho but does no damage.
The centaur warrior simulacrum kicks Nozipho.
The centaur warrior simulacrum freezes Nozipho.
Nozipho resists.
The ufetubus hits Nozipho but does no damage.
The ufetubus hits Nozipho.
Nozipho hits the ufetubus with a +0 quarterstaff!
The ufetubus dies!
The centaur warrior simulacrum closely misses Nozipho.
The centaur warrior simulacrum kicks Nozipho.
The centaur warrior simulacrum freezes Nozipho!
Nozipho resists.
Nozipho is destroyed!
Unknown command.
You bludgeon the centaur warrior simulacrum!!
The centaur warrior simulacrum vaporises!
The centaur warrior simulacrum is struck by your spines.
The centaur warrior simulacrum hits you.
* * * LOW HITPOINT WARNING * * *
The centaur warrior simulacrum freezes you!!
You die...

#.........###..#..###.#.....#
#.........##..######.##.#####
#.........##.## ######
########'....# #......#####
#(###### #+##### #.#
###.......
##'############.+.......
#.......##.@Z.YY#.......
#.......##.#####........
#.......'..# #.....~~.
#.......#### #...~....
#.......# #......~. #.......#
...~~~~~≈ #.......# ~~~~~...~
######### ≈.....~~~
##........


You could see a yak, an ice beast and a centaur warrior simulacrum.

Vanquished Creatures
  The ghost of bchevrier the Skirmisher, an amateur GnWn of Hepliaklqana (D:4)
  2 centaur simulacra (D:10)
  8 yaks
  A steam dragon (D:7)
  An acid dragon (D:9)
  2 water moccasins (D:9)
  12 orc warriors
  3 ice beasts
  A sky beast (D:7)
  An ogre (D:5)
  A black bear (D:7)
  9 centaurs
  A phantom (D:4)
  2 bullfrogs
  5 kobold brigands
  A wyvern zombie (D:7)
  5 scorpions
  A gnoll sergeant (D:5)
  A wight (D:7)
  9 killer bees
  2 howler monkeys (D:7)
  A centaur zombie (D:7)
  9 orc priests
  2 hounds
  A jelly (D:7)
  An iguana (D:5)
  5 orc wizards
  2 bullfrog simulacra (D:4)
  10 adders
  7 gnolls
  A hound simulacrum (D:4)
  A white imp (D:4)
  2 dart slugs (D:1)
  An adder simulacrum (D:4)
  48 orcs
  6 ball pythons
  10 endoplasms
  A giant cockroach (D:1)
  6 goblins
  9 hobgoblins
  18 kobolds
  4 quokkas
  8 bats
  2 frilled lizards
  5 rats
229 creatures vanquished.

Vanquished Creatures (collateral kills)
  A two-headed ogre (D:8)
  2 yaks (D:9)
  A warg (D:10)
  A water moccasin (D:7)
  4 orc warriors
  6 centaurs
  A kobold brigand (D:9)
  2 wights (D:7)
  A killer bee (D:9)
  An iguana (D:6)
  2 orc wizards
  An ufetubus (D:10)
  13 orcs
  A kobold (D:8)
37 creatures vanquished.

Vanquished Creatures (others)
  A battlemage (D:10)
  6 ancestors
  A quokka (D:5)
8 creatures vanquished.

Grand Total: 274 creatures vanquished

Notes
Turn   | Place    | Note
-------+----------+-------------------------------------------
     0 | D:1      | Newt the Demonspawn Gladiator began the quest for the Orb.
     0 | D:1      | Reached XP level 1. HP: 16/16 MP: 1/1
    51 | D:1      | Reached skill level 1 in Stealth
   127 | D:1      | Gained mutation: You are partially covered in sharp spines.
                  | [demonic ancestry]
   127 | D:1      | Reached XP level 2. HP: 22/22 MP: 2/2
   496 | D:1      | Reached skill level 3 in Fighting
   689 | D:2      | Gained mutation: You have sharp fingernails. [demonic
                  | ancestry]
   689 | D:2      | Reached XP level 3. HP: 29/29 MP: 3/3
   842 | D:2      | Found a sacrificial altar of Ru.
  1359 | D:3      | Reached XP level 4. HP: 37/37 MP: 4/4
  1362 | D:3      | Gained mutation: You are dopey. (Int -2) [potion of
                  | mutation]
  1362 | D:3      | Gained mutation: You are frail. (-10% HP) [potion of
                  | mutation]
  1362 | D:3      | Gained mutation: You are very frail. (-20% HP) [potion of
                  | mutation]
  1362 | D:3      | Gained mutation: You passively map a small area around you.
                  | [potion of mutation]
  1363 | D:3      | Lost mutation: You passively map a small area around you.
                  | [potion of mutation]
  1363 | D:3      | Lost mutation: You are very frail. (-20% HP) [potion of
                  | mutation]
  1363 | D:3      | Lost mutation: You are frail. (-10% HP) [potion of
                  | mutation]
  1363 | D:3      | Gained mutation: You sometimes lose your temper in combat.
                  | [potion of mutation]
  1363 | D:3      | Gained mutation: You have sharp toenails. [potion of
                  | mutation]
  1559 | D:3      | Reached skill level 4 in Fighting
  1567 | D:3      | Reached skill level 1 in Maces & Flails
  1617 | D:3      | Identified the +2 mace of Karma {drain, *Rage Int+3}
  2329 | D:4      | Found a runed translucent gate.
  2329 | D:4      | Found a runed translucent gate.
  2329 | D:4      | Found a runed translucent gate.
  2413 | D:4      | Noticed a scorpion
  2417 | D:4      | Killed a scorpion
  2418 | D:4      | Gained mutation: You are mostly covered in sharp spines.
                  | [demonic ancestry]
  2418 | D:4      | Reached XP level 5. HP: 41/42 MP: 5/5
  2567 | D:4      | Noticed a phantom
  2568 | D:4      | Found a broken altar of Ashenzari.
  2573 | D:4      | Reached XP level 6. HP: 48/48 MP: 6/6
  2706 | D:4      | Noticed an ice beast
  2706 | D:4      | Noticed bchevrier's ghost (amateur GnWn)
  2936 | D:4      | Killed an ice beast
  2937 | D:4      | Reached skill level 5 in Maces & Flails
  2967 | D:4      | Gained mutation: You are completely covered in sharp
                  | spines. [demonic ancestry]
  2967 | D:4      | Reached XP level 7. HP: 51/54 MP: 7/7
  3142 | D:4      | Killed bchevrier's ghost
  3218 | D:5      | Entered Level 5 of the Dungeon
  3482 | D:5      | Reached skill level 1 in Armour
  3803 | D:5      | Gained mutation: You are partially covered in thin metallic
                  | scales. (AC +2) [demonic ancestry]
  3803 | D:5      | Reached XP level 8. HP: 60/60 MP: 8/8
  3953 | D:5      | Found Decs's Assorted Antiques.
  3960 | D:5      | Bought a scroll of identify for 52 gold pieces
  4130 | D:5      | Found a staircase to the Ecumenical Temple.
  4160 | D:5      | Found Damun's Neck Hole.
  4206 | Temple   | Entered the Ecumenical Temple
  4383 | Temple   | Became a worshipper of Hepliaklqana the Forgotten
  4992 | D:6      | Reached * piety under Hepliaklqana
  5177 | D:6      | Reached skill level 5 in Armour
  5610 | D:6      | Reached skill level 5 in Throwing
  5610 | D:6      | Gained mutation: You are mostly covered in thin metallic
                  | scales. (AC +3) [demonic ancestry]
  5610 | D:6      | Reached XP level 9. HP: 14/59 MP: 9/9
  5612 | D:6      | Reached skill level 5 in Fighting
  5998 | D:7      | Reached skill level 6 in Fighting
  6027 | D:7      | Lost mutation: You have sharp toenails. [potion of
                  | mutation]
  6027 | D:7      | Lost mutation: You are dopey. (Int -2) [potion of mutation]
  6027 | D:7      | Lost mutation: You sometimes lose your temper in combat.
                  | [potion of mutation]
  6027 | D:7      | Gained mutation: You occasionally shout uncontrollably at
                  | your foes. [potion of mutation]
  6027 | D:7      | Lost mutation: You occasionally shout uncontrollably at
                  | your foes. [potion of mutation]
  6028 | D:7      | Gained mutation: Your spells are a little easier to cast,
                  | but a little less powerful. [potion of mutation]
  6028 | D:7      | Gained mutation: Armour fits poorly on your strangely
                  | shaped body. [potion of mutation]
  6028 | D:7      | Gained mutation: You occasionally shout uncontrollably at
                  | your foes. [potion of mutation]
  6029 | D:7      | Lost mutation: Your spells are a little easier to cast, but
                  | a little less powerful. [potion of mutation]
  6029 | D:7      | Lost mutation: You occasionally shout uncontrollably at
                  | your foes. [potion of mutation]
  6029 | D:7      | Lost mutation: Armour fits poorly on your strangely shaped
                  | body. [potion of mutation]
  6029 | D:7      | Gained mutation: You have very sharp fingernails. [potion
                  | of mutation]
  6029 | D:7      | Gained mutation: Your mind is acute. (Int +4, Str/Dex -1)
                  | [potion of mutation]
  6029 | D:7      | Gained mutation: Your system is resistant to poisons.
                  | (rPois) [potion of mutation]
  6029 | D:7      | Gained mutation: You possess an exceptional clarity of
                  | mind. [potion of mutation]
  6146 | D:7      | Found a flagged portal.
  6172 | Bailey   | Entered a bailey
  6998 | Bailey   | Gained mutation: You are completely covered in thin
                  | metallic scales. (AC +4, rElec) [demonic ancestry]
  6998 | Bailey   | Reached XP level 10. HP: 37/68 MP: 10/10
  7111 | Bailey   | Reached skill level 10 in Maces & Flails
  7320 | Bailey   | Reached ** piety under Hepliaklqana
  7506 | Bailey   | Remembered your ancestor Nozipho as a battlemage
  8094 | D:7      | Mutation became permanent: You have sharp fingernails.
                  | [demonic ancestry]
  8094 | D:7      | Gained mutation: You have very sharp fingernails. [demonic
                  | ancestry]
  8094 | D:7      | Reached XP level 11. HP: 72/72 MP: 11/11
  8132 | D:7      | Reached skill level 7 in Fighting
  8269 | D:7      | Identified a scroll of acquirement
  8270 | D:7      | Acquired 1161 gold pieces
  8372 | D:5      | Bought a steaming plate armour for 728 gold pieces
  8372 | D:5      | Identified the +1 plate armour of Impressiveness {Int+4}
                  | (You bought it in a shop on level 5 of the Dungeon)
  8425 | D:5      | Bought an amulet of reflection for 450 gold pieces
  8624 | D:7      | Found a basalt altar of Yredelemnul.
  8983 | D:8      | Reached skill level 8 in Fighting
  9036 | D:8      | Noticed a two-headed ogre
  9039 | D:8      | Killed a two-headed ogre
  9040 | D:8      | Reached skill level 9 in Fighting
  9257 | D:8      | Reached *** piety under Hepliaklqana
  9845 | D:9      | Reached skill level 10 in Fighting
  9974 | D:9      | Found a sparkling altar of Nemelex Xobeh.
 10451 | D:9      | Found a sacrificial altar of Ru.
 10455 | D:9      | Found a burning altar of Makhleb.
 10459 | D:9      | Found an iron altar of Okawaru.
 10493 | D:9      | Reached skill level 11 in Fighting
 10699 | D:10     | Entered Level 10 of the Dungeon
 10742 | D:10     | Found a staircase to the Orcish Mines.
 10875 | D:10     | Reached skill level 12 in Fighting
 10881 | D:10     | Slain by a centaur warrior simulacrum

Illustrated notes

Levels and vault maps discovered:
D:1:      amcnicky_arrival_flooded_fountain, layout_loops_ring
D:2:      layout_loops_cross, basic_altar, due_unseen_surprise
D:3:      minmay_general_purpose_star, layout_loops_ring, serial_bayou_pond_c,
          grunt_ministairs_14, st_stairs_13
D:4:      layout_basic, cheibrodos_ashenzari_chains, gammafunk_ghost_icy,
          kennysheep_dice
D:5:      layout_loops_ring, elyvilon_altar_4, minmay_temple_entry_fiery,
          minmay_shop_grid_forest, nicolae_shop_sticking_my_neck_out
D:6:      layout_layer_cave, fountainhead
D:7:      layout_cave_pools, lemuel_zombie_altar_yredelemnul, enter_bailey_5,
          minivault_24, minmay_starry_boxes
D:8:      layout_basic
D:9:      layout_basic, grunt_temple_overflow_diamond,
          nemelex_spade_bored_becter, serial_corexii_hall,
          chequers_hall_statues_y, chequers_hall_statues_y, st_stairs_1
D:10:     layout_roguey, nicolae_uskayaw_dance_hall, erik_orc_3, serial_ice,
          serial_ice_d, serial_ice_n, serial_ice_e, serial_ice_k,
          chequers_serial_rivers_micro_e, nicolae_inconvenience_store
Temple:   nicolae_temple_bog_church

Skill      XL: |  1  2  3  4  5  6  7  8  9 10 11 |
---------------+----------------------------------+-----
Stealth        | 1 |  1.5
Fighting       | 3 4 6 12 | 12.0
Maces & Flails | 3 4 5 7 9 11 | 11.7
Armour         | 2 5 |  5.0
Throwing       | 5 9 |  9.1
Short Blades   | |  2.6
Dodging        | |  2.6
Shields        | |  0.1

Action                     |  1- 3 |  4- 6 |  7- 9 | 10-12 || total
---------------------------+-------+-------+-------+-------++-------
  Melee: Rapier            |    15 |       |       |       ||    15
         Flail             |    45 |    62 |   128 |   113 ||   348
         Kick              |       |     6 |    21 |       ||    27
         Punch             |       |     1 |     1 |       ||     2
  Throw: Throwing net      |       |       |     1 |       ||     1
         Boomerang         |       |       |    48 |    68 ||   116
 Invoke: Ancestor Life: Ba |       |       |       |     1 ||     1
    Use: Scroll            |       |     5 |     8 |     6 ||    19
         Potion            |       |     2 |     5 |     2 ||     9
   Stab: Sleeping          |    10 |     2 |     1 |       ||    13
         Distracted        |       |       |     2 |     3 ||     5
 Armour: Leather armour    |    16 |     6 |       |       ||    22
         Ring mail         |       |     6 |    61 |    29 ||    96
         Plate armour      |       |       |       |    45 ||    45
  Dodge: Dodged            |    41 |    64 |   147 |   153 ||   405
  Block: Tower shield      |       |       |       |    26 ||    26
         Other             |       |       |       |     3 ||     3
         Reflection        |       |       |       |     2 ||     2

Table legend: (Time is in decaauts)
 A = Elapsed time spent in this place.
 B = Non-inter-level travel time spent in this place.
 C = Inter-level travel time spent in this place.
 D = Time resting spent in this place.
 E = Time spent auto-exploring this place.
 F = Levels seen in this place.
 G = Mean time per level.
                   A        B        C        D        E       F      G
               +--------+--------+--------+--------+--------+-----+--------+
         Total |  11140 |  10580 |    560 |   2191 |   6610 |  12 |  928.3 |
       Dungeon |   8985 |   8461 |    524 |   1053 |   6016 |  10 |  898.5 |
        Temple |    200 |    165 |     35 |      0 |    153 |   1 |  200.0 |
        Bailey |   1954 |   1954 |      0 |   1138 |    440 |   1 | 1954.0 |
               +--------+--------+--------+--------+--------+-----+--------+

Top non-repeatable levels by time:
  Bailey: 1954 daAuts
     D:6: 1434 daAuts
     D:5: 1304 daAuts
     D:4: 976 daAuts
     D:3: 973 daAuts
     D:9: 948 daAuts
     D:7: 903 daAuts
     D:8: 852 daAuts
     D:1: 704 daAuts
     D:2: 696 daAuts
  Temple: 200 daAuts
    D:10: 191 daAuts
